 Dungeon Crawl Stone Soup version 0.21.1-1-g345015f (webtiles) character file.

571 Kagorn the Skirmisher (level 7, 0/54 HPs)
             Began as a Human Berserker on June 6, 2018.
             Was a Priest of Trog.
             Slain by an iguana (8 damage)
             ... on level 5 of the Dungeon.
             The game lasted 00:35:29 (4022 turns).

Kagorn the Skirmisher (Human Berserker)             Turns: 4022, Time: 00:35:29

Health: 0/54       AC:  9    Str: 18      XL:     7   Next: 60%
Magic:  7/7        EV: 17    Int:  7      God:    Trog [***...]
Gold:   275        SH:  0    Dex: 12 (14) Spells: 6/6 levels left

rFire    . . .     SeeInvis .   m - +2 whip (holy)
rCold    . . .     Gourm    .   (no shield)
rNeg     . . .     Faith    .   x - +3 leather armour
rPois    .         Spirit   .   j - +1 helmet
rElec    .         Reflect  .   (no cloak)
rCorr    .         Harm     .   (no gloves)
MR       .....                  u - +0 pair of boots
Stlth    +++.......             v - amulet of magic regeneration
HPRegen  0.18/turn              h - +4 ring of evasion
MPRegen  0.35/turn              s - ring of stealth

@: lethally poisoned (0 -> -1)
A: no striking features
a: Berserk, Trog's Hand, Burn Spellbooks, Renounce Religion


You were on level 5 of the Dungeon.
You worshipped Trog.
Trog was most pleased with you.
You were not hungry.

You visited 1 branch of the dungeon, and saw 5 of its levels.

You collected 275 gold pieces.

Inventory:

Hand Weapons
 m - a +2 whip of holy wrath (weapon)
 n - a +2 falchion of slicing
Missiles
 k - 2 tomahawks (quivered)
Armour
 b - a +1 ring mail of cold resistance
 f - a +0 helmet
 j - a +1 helmet (worn)
 u - a +0 pair of boots (worn)
 x - a +3 leather armour (worn)
Magical Staves
 i - an uncursed staff of summoning {unknown}
 l - an uncursed staff of death
Jewellery
 h - a +4 ring of evasion (left hand)
 s - a ring of stealth (right hand)
 v - an amulet of magic regeneration (around neck)
Scrolls
 a - a scroll of identify
 d - a scroll of remove curse
 g - 3 scrolls of teleportation
 w - a scroll of blinking
Potions
 e - 3 potions of flight {unknown}
 o - 3 potions of lignification
 p - 2 potions of magic {unknown}
 q - 3 potions of haste
 r - a potion of invisibility
 t - a potion of might
Comestibles
 c - 5 rations


   Skills:
 + Level 4.1 Fighting
 * Level 4.0 Long Blades
 - Level 4.0 Maces & Flails
 + Level 2.8 Armour
 + Level 3.3 Dodging
 * Level 3.4 Stealth


You had 6 spell levels left.
You didn't know any spells.

Dungeon Overview and Level Annotations

Branches:
Dungeon (5/15)
 Temple: D:4-7

Altars:
Cheibriados
Elyvilon
Makhleb
Nemelex Xobeh
Okawaru
Uskayaw
Vehumet
Yredelemnul


Message History

You hit the wight but do no damage.
The wight is heavily damaged.
You feel sick. The wight hits you with a dire flail!
The iguana closely misses you.
You hit the wight.
The wight convulses.
The wight is severely damaged.
The wight closely misses you. The iguana bites you!
* * * LOW HITPOINT WARNING * * *
You whack the wight!
You destroy the wight!
Trog accepts your kill.
Your Long Blades skill increases to level 4!
You feel sick. The iguana bites you!
* * * LOW HITPOINT WARNING * * *
Things that are here:
a dire flail; a robe You closely miss the iguana.
The iguana bites you but does no damage.
You hit the iguana but do no damage. The iguana bites you!
You die...

.........#..........
........##..........
.#..................
#########.......... ###..........
#............ #####.#..........
###.....#....######
##........†@##....# #...#..#..l†#
..... #####...........# ......
##.....#......#..# ......
#................# .....
.................# ##..
.......#......#..#
.................# #.........
#........#..#....#######.#.......


You could see an iguana.

Vanquished Creatures
  A scorpion (D:4)
  A wight (D:5)
  A crimson imp (D:5)
  A hound (D:5)
  A jelly (D:5)
  A centaur skeleton (D:5)
  An orc priest (D:4)
  An orc wizard (D:3)
  2 iguanas
  3 worker ants
  A hound skeleton (D:4)
  8 adders
  An ooze (D:2)
  A worm (D:2)
  2 dart slugs (D:2)
  3 leopard geckos
  14 orcs
  2 ball pythons
  7 bats
  4 giant cockroaches
  5 goblins
  2 hobgoblins
  2 jackals (D:3)
  A quokka (D:2)
  8 frilled lizards
  9 kobolds
  A leopard gecko skeleton (D:4)
84 creatures vanquished.

Notes
Turn   | Place    | Note
-------+----------+-------------------------------------------
     0 | D:1      | Kagorn the Human Berserker began the quest for the Orb.
     0 | D:1      | Reached XP level 1. HP: 18/18 MP: 1/1
   302 | D:1      | Reached XP level 2. HP: 24/24 MP: 2/2
   847 | D:2      | Found a hide-covered altar of Uskayaw.
   860 | D:2      | Reached skill level 1 in Maces & Flails
   860 | D:2      | Reached skill level 1 in Stealth
   860 | D:2      | Reached XP level 3. HP: 13/29 MP: 3/3
   910 | D:2      | Reached XP level 4. HP: 21/35 MP: 4/4
  1041 | D:2      | Found a radiant altar of Vehumet.
  1050 | D:2      | Reached ** piety under Trog
  1428 | D:2      | Found a snail-covered altar of Cheibriados.
  1780 | D:3      | Reached XP level 5. HP: 34/42 MP: 5/5
  2471 | D:3      | Reached XP level 6. HP: 48/48 MP: 6/6
  2553 | D:3      | Found a burning altar of Makhleb.
  2707 | D:3      | Found a sparkling altar of Nemelex Xobeh.
  2707 | D:3      | Found a faded altar of an unknown god.
  2716 | D:3      | Found a basalt altar of Yredelemnul.
  2723 | D:3      | Found an iron altar of Okawaru.
  2725 | D:3      | Found a faded altar of an unknown god.
  3833 | D:5      | Entered Level 5 of the Dungeon
  3838 | D:5      | Found a white marble altar of Elyvilon.
  3860 | D:5      | Reached XP level 7. HP: 36/54 MP: 7/7
  3876 | D:5      | Reached *** piety under Trog
  4022 | D:5      | Slain by an iguana

Skill      XL: |  1  2  3  4  5  6  7 |
---------------+----------------------+-----
Maces & Flails | 1 2 3 4 |  4.0
Stealth        | 1 2 3 |  3.4
Dodging        | 3 |  3.3
Fighting       | 4 |  4.1
Long Blades    | 4 |  4.0
Armour         | |  2.8

Action                   |  1- 3 |  4- 6 |  7- 9 || total
-------------------------+-------+-------+-------++-------
Melee: Falchion          |    24 |    35 |    24 ||    83
       Whip              |    31 |   200 |    11 ||   242
Invok: Trog's Hand       |       |     3 |       ||     3
       Berserk           |       |     2 |       ||     2
       Burn Spellbooks   |       |     1 |       ||     1
  Use: Scroll            |       |     7 |       ||     7
       Potion            |       |     4 |       ||     4
 Stab: Sleeping          |     1 |     7 |       ||     8
  Eat: Ration            |       |     4 |       ||     4
       Chunk             |       |     1 |       ||     1
Armor: Animal skin       |     5 |       |       ||     5
       Leather armour    |    14 |    61 |     5 ||    80
Dodge: Dodged            |    42 |   162 |    25 ||   229
       Rpst.: Falchion   |     4 |    10 |     9 ||    23
